Map: Emerald City LE

Players

MattBarry

  • Race: Terran Terran
  • Spawn Location: 11:00

MattBarry

  • Race: Zerg Zerg
  • Spawn Location: 11:00

zakka - Winner!

  • Race: Terran Terran
  • League: Gold
  • Spawn Location: 5:00

MilGengar - Winner!

  • Race: Zerg Zerg
  • Spawn Location: 5:00

VOD

Have the link to the VOD?

Description

Time

  • Played on: Dec. 21, 2022, 1:31 a.m.
  • Length: 8:03
Show
View Real Time Build Order
Export as new Build Order

MattBarry Terran 

Build Orders: 2 Factory, Mech 

Get SALT Encoding   

  12  0:00  SCV  
  13  0:12  SCV  
  14  0:18  Supply Depot  
  14  0:24  SCV  
  15  0:39  SCV  
  16  0:43  Barracks  
  16  0:51  SCV  
  17  1:03  SCV  
  18  1:15  SCV  
  19  1:30  Orbital Command  
  19  1:31  Marine  
  20  1:36  Command Center  
  20  1:39  Refinery  
  20  1:43  Supply Depot  
  20  1:49  Marine  
  21  2:04  SCV  
  22  2:11  Marine  
  23  2:17  SCV  
  23  2:22  Refinery  
  24  2:31  Engineering Bay  
  24  2:32  SCV  
  24  2:33  Barracks Tech Lab  
  25  2:44  SCV  
  26  2:54  Marine  
  26  2:56  SCV  
  26  2:57  Orbital Command, Factory  
  28  3:08  SCV  
  29  3:20  SCV  
  29  3:24  Factory  
  30  3:31  SCV  
  30  3:32  SCV  
  32  3:36  Barracks Reactor  
  32  3:37  Supply Depot  
  32  3:51  SCV x2  
  36  3:57  Siege Tank  
  37  4:03  SCV x2  
  39  4:10  Command Center  
  39  4:19  SCV x2, Refinery  
  41  4:30  Hellion  
  41  4:31  Hellion x2  
  45  4:36  SCV x2  
  49  4:40  Supply Depot  
  38  5:02  SCV x2  
  38  5:06  Siege Tank  
  38  5:07  Hellion x2  
  43  5:14  SCV x2  
  45  5:26  SCV x2  
  47  5:32  Infernal Pre-Igniter  
  47  5:39  Armory, SCV x2  
  49  5:43  Refinery  
  49  5:44  Hellion x2, Siege Tank  
  49  5:49  Factory  
  56  5:57  Supply Depot  
  56  5:58  SCV x2  
  58  6:09  Starport  
  58  6:10  SCV  
  58  6:11  SCV  
  60  6:12  Hellion x2  
  60  6:16  Siege Tank  
  60  6:17  Supply Depot  
  67  6:20  Orbital Command  
  67  6:23  SCV x2  
  69  6:32  Factory Tech Lab  
  69  6:37  Hellion x2  
  73  6:46  Starport Reactor  
  73  6:50  Siege Tank  
  76  7:00  SCV x2  
  78  7:02  Hellion x2  
  82  7:12  SCV  
  82  7:13  SCV  
  84  7:22  Siege Tank  
  87  7:34  Hellion  
  87  7:35  Hellion  
Show
View Real Time Build Order
Export as new Build Order

MattBarry Zerg 

Build Orders: Hatch First 

Get SALT Encoding   

  12  0:02  Drone  
  13  0:17  Overlord  
  13  0:21  Drone  
  14  0:43  Hatchery  
  14  0:47  Drone  
  14  0:49  Drone  
  15  1:00  Extractor, Drone x2  
  16  1:16  Spawning Pool  
  15  1:31  Drone x3  
  18  1:45  Drone  
  19  2:06  Queen  
  19  2:08  Queen  
  23  2:18  Roach Warren  
  23  2:19  Drone  
  23  2:20  Drone x2  
  25  2:30  Extractor  
  24  2:39  Overlord  
  24  2:44  Queen  
  26  2:55  Drone x2  
  28  3:04  Roach  
  30  3:34  Roach  
  30  3:35  Roach x2  
  30  3:37  Overlord x2  
  36  3:42  Extractor  
  36  3:43  Extractor  
  36  3:44  Drone x2  
  38  3:59  Lair  
  38  4:07  Evolution Chamber  
  38  4:09  Evolution Chamber  
  36  4:12  Drone  
  36  4:13  Drone x3  
  40  4:18  Roach x4  
  45  5:00  Roach x5  
  45  5:02  Overlord  
  45  5:03  Overlord  
  52  5:23  Queen  
  52  5:24  Drone x2  
  52  5:25  Drone x4  
  60  5:33  Zerg Missile Weapons Level 1  
  60  5:38  Zerg Ground Armor Level 1  
  60  5:44  Drone x2  
  62  5:58  Queen  
  64  6:08  Spore Crawler  
  64  6:10  Spore Crawler  
  62  6:15  Spore Crawler  
  61  6:18  Spine Crawler  
  61  6:24  Spine Crawler  
  59  6:30  Roach  
  59  6:31  Roach x3  
  67  6:35  Overlord  
  67  6:36  Overlord  
  67  6:41  Glial Reconstitution  
  67  7:01  Zergling x10  
  68  7:02  Zergling x4  
  74  7:32  Hatchery  
  74  7:36  Hatchery  
  72  7:43  Drone x2  
  72  7:44  Drone x2  
  76  7:45  Drone  
  76  7:48  Drone  
Show
View Real Time Build Order
Export as new Build Order

zakka Terran - Winner!

Build Orders:  

Get SALT Encoding   

  12  0:01  SCV  
  13  0:14  SCV  
  13  0:19  Supply Depot  
  14  0:28  SCV  
  15  0:43  SCV  
  15  0:48  Refinery  
  16  0:50  Barracks  
  16  1:02  SCV  
  17  1:16  SCV  
  18  1:31  SCV  
  19  1:40  Barracks Reactor  
  19  1:42  Command Center  
  18  2:11  Refinery  
  18  2:13  Orbital Command  
  18  2:24  Marine  
  18  2:25  Marine  
  20  2:38  Factory  
  20  2:46  SCV  
  20  2:47  Marine x2  
  23  2:53  Orbital Command  
  23  2:58  SCV  
  24  3:05  Marine x2  
  26  3:12  Supply Depot  
  26  3:19  SCV  
  27  3:23  Marine x2  
  27  3:25  Factory Tech Lab  
  29  3:30  Starport  
  29  3:31  SCV  
  30  3:40  Marine  
  31  3:47  Supply Depot  
  31  3:53  Marine  
  31  3:55  Siege Tank  
  35  3:58  Marine  
  36  4:06  Starport Reactor  
  36  4:12  Marine  
  36  4:16  Marine  
  38  4:18  Barracks  
  38  4:30  Marine  
  39  4:34  Marine  
  41  4:38  SCV x2  
  34  5:06  Medivac x2  
  37  5:11  Barracks Tech Lab  
  37  5:15  Siege Tank  
  40  5:31  Supply Depot  
  40  5:34  Marine x2  
  42  5:37  Stimpack  
  42  5:39  Marine  
  43  5:50  Engineering Bay  
  43  5:51  SCV  
  43  5:52  Marine x2  
  43  5:54  Supply Depot, Medivac x2  
  43  5:56  Siege Tank  
  53  5:57  Marine  
  53  6:00  SCV  
  53  6:02  Refinery  
  53  6:03  SCV  
  56  6:10  Marine x2  
  58  6:12  SCV  
  59  6:21  Bunker  
  59  6:23  SCV  
  59  6:24  SCV  
  61  6:30  Marine x2  
  61  6:31  Marine  
  64  6:35  SCV  
  64  6:37  SCV  
  66  6:48  Marine x3  
  66  6:52  Bunker  
  69  6:56  Supply Depot  
  69  6:59  Supply Depot  
  69  7:04  Medivac  
  69  7:06  Marine x3  
  74  7:24  Marine x3  
  77  7:41  Marine, Refinery  
  77  7:42  Marine x2  
Show
View Real Time Build Order
Export as new Build Order

MilGengar Zerg - Winner!

Build Orders: Pool First 

Get SALT Encoding   

  12  0:20  Spawning Pool  
  11  0:31  Drone x3  
  14  0:49  Extractor  
  13  1:00  Evolution Chamber  
  13  1:02  Overlord x2  
  12  1:18  Queen  
  12  1:22  Drone  
  15  1:27  Drone  
  16  1:54  Zerg Missile Weapons Level 1  
  16  2:08  Roach Warren  
  16  2:12  Overlord  
  15  2:50  Roach x4  
  15  2:51  Roach x2  
  27  3:12  Roach x2  
  33  3:20  Roach  
  33  3:28  Roach  
  35  3:36  Roach  
  37  4:16  Drone  
  38  4:18  Overlord x2  
  16  5:18  Zerg Ground Armor Level 1  
  16  5:29  Lair  
  17  5:35  Drone x2  
  17  5:36  Hatchery, Drone x4  
  21  5:43  Extractor  
  20  6:13  Drone x3  
  20  6:15  Drone x4  
  27  6:32  Spire  
  26  6:49  Queen  
  26  6:52  Roach  
  30  6:58  Extractor  
  30  7:01  Extractor  
  28  7:05  Drone x5  
  33  7:11  Drone  
  33  7:14  Drone x2  
  33  7:15  Drone  
  37  7:19  Drone x2  
Tags
 
Add a new tag
Caveats
  • Supply blocks, unpowered buildings, or Contaminate may cause inaccurate times.
  • Supply counts are checked every 10 seconds.